Senators vs Blackdemons
(R1)
Created - March 5, 2019 at 22:04
Goals
|
| Senators |
2 |
1 |
2 |
5 |
| Blackdemons |
2 |
3 |
1 |
6 |
|
Shots
|
| Senators |
7 |
7 |
16 |
30 |
| Blackdemons |
9 |
14 |
20 |
43 |
|
1st period
1. Blackdemons , Patrice Cormier 23 (Jeffrey Foss 19) at 9:00
2. Senators , Nick Foligno 27 (Tommy Wingels 37) at 9:33
3. Senators , Nick Foligno 28 (Tomas Jurco 15, Tommy Wingels 38) at 18:06
4. Blackdemons , Sergei Plotnikov 19 (Patrice Cormier 49, Robbie Russo 3) at 19:14
Penalties :
Keegan Lowe (BIN) for Hooking (Minor) at 2:45, Andy Andreoff (BIN) for Tripping (Minor) at 5:28
2nd period
5. Senators , Phil Di Giuseppe 3 (Arturs Kulda 29) at 6:09
6. Blackdemons , Kyle Rau 9 (Ladislav Nagy 27) at 7:09
7. Blackdemons , Ladislav Nagy 32 (Kyle Rau 25, Yannick Weber 37) at 13:20
8. Blackdemons , Sergei Plotnikov 20 (Patrice Cormier 50) at 17:49
Penalties :
Scott Harrington (BIN) for High sticking (Minor) at 1:36, Keaton Ellerby (MJM) for Interference (Minor) at 10:01
3rd period
9. Senators , Tommy Wingels 21 (Nick Foligno 33, Olli Maatta 17) at 10:58 (PP)
10. Blackdemons , Yannick Weber 6 (Martin Hanzal 57) at 11:55 (PP)
11. Senators , Gabriel Bourque 40 (Stephane Da Costa 50) at 13:36
Penalties :
Scott Harrington (BIN) for Diving (Minor) at 1:25, Sebastian Wannstrom (BIN) for Hooking (Minor) at 5:15, Yannick Weber (MJM) for Holding (Minor) at 9:57, Arturs Kulda (BIN) for Delaying the game (Minor) at 11:45, Olli Maatta (BIN) for Roughing (Minor) at 13:58
Goalie Stats
Ben Bishop (BIN), 19 saves from 20 shots - (0.950), L, 7-15-0, 21:24 minutes
Brad Thiessen (BIN), 18 saves from 23 shots - (0.783), 37:49 minutes
Matt Hackett (MJM), 25 saves from 30 shots - (0.833), W, 34-8-0, 60:00 minutes
Players Stats for Senators
Player Name G A P +/- PIM S H SB GA TA FO MP PP MP PK MP
------------------------------------------------------------------------------------
Andy Andreoff 0 0 0 -2 2 1 3 0 1 0 1/1 11:32 0:00 0:56
Arturs Kulda 0 1 1 3 2 2 1 2 1 0 0/0 31:45 1:58 7:41
Blake Coleman 0 0 0 0 0 0 0 0 0 0 0/0 0:15 0:00 0:00
Brett Bulmer 0 0 0 0 0 0 0 0 0 0 0/0 0:28 0:00 0:00
Chandler Stephenson 0 0 0 1 0 1 0 0 0 0 2/3 6:06 0:00 0:00
Gabriel Bourque 1 0 1 -1 0 5 0 2 1 0 0/0 23:17 1:54 7:35
Grant Besse 0 0 0 1 0 0 0 0 0 0 0/0 6:06 0:00 0:00
Keegan Lowe 0 0 0 0 2 0 0 2 0 0 0/0 9:19 0:00 0:00
Mason Geertsen 0 0 0 0 0 0 0 1 0 0 0/0 12:23 0:00 2:11
Matt Frattin 0 0 0 -1 0 1 4 0 1 0 1/2 20:08 1:54 3:35
Nick Foligno 2 1 3 1 0 3 3 1 0 1 0/0 18:51 1:06 3:35
Olli Maatta 0 1 1 3 2 3 0 2 0 1 0/0 29:49 1:58 6:31
Phil Di Giuseppe 1 0 1 1 0 1 1 0 3 0 0/0 7:09 0:00 0:48
Samuel Morin 0 0 0 -4 0 0 0 2 1 1 0/0 18:58 1:02 4:23
Scott Harrington 0 0 0 -4 4 0 0 1 0 1 0/0 18:25 1:02 3:22
Sebastian Wannstrom 0 0 0 -2 2 2 4 0 0 0 0/0 10:52 0:00 0:00
Stephane Da Costa 0 1 1 -1 0 2 1 0 2 0 25/49 23:17 1:54 7:35
Tomas Jurco 0 1 1 1 0 1 2 1 0 0 0/0 14:14 1:06 0:00
Tommy Wingels 1 2 3 1 0 5 1 0 0 0 0/8 14:14 1:06 0:00
Zemgus Girgensons 0 0 0 -2 0 3 1 0 0 0 5/10 10:41 0:00 0:04
Players Stats for Blackdemons
Player Name G A P +/- PIM S H SB GA TA FO MP PP MP PK MP
------------------------------------------------------------------------------------
Alexandre Grenier 0 0 0 -2 0 4 1 0 0 0 2/2 21:04 5:16 0:00
Alexei Morozov 0 0 0 0 0 4 0 0 0 1 0/0 12:32 6:48 0:00
Blake Pietila 0 0 0 -2 0 2 1 0 1 1 0/2 22:07 6:41 0:04
Brett Kulak 0 0 0 1 0 1 0 0 0 0 0/0 9:14 0:00 0:04
Charles-Olivier Roussel 0 0 0 0 0 0 0 0 0 1 0/0 5:44 0:00 1:33
Hudson Fasching 0 0 0 2 0 2 1 0 0 0 0/0 10:50 0:00 0:00
Jeffrey Foss 0 1 1 1 0 3 3 1 0 2 0/0 19:14 5:45 1:23
Keaton Ellerby 0 0 0 -1 2 1 2 2 0 1 0/0 26:39 6:19 0:44
Kyle Rau 1 1 2 2 0 2 1 0 0 0 9/10 12:04 0:00 1:14
Ladislav Nagy 1 1 2 2 0 6 1 0 1 0 0/1 18:13 5:16 1:42
Mackenzie MacEachern 0 0 0 0 0 0 0 0 0 0 0/0 5:51 0:00 0:03
Martin Hanzal 0 1 1 -2 0 5 3 1 1 1 14/27 22:03 6:48 0:00
Max Friberg 0 0 0 1 0 1 0 0 0 1 2/2 13:18 0:07 0:00
Patrice Cormier 1 2 3 1 0 4 1 0 0 0 10/23 18:32 5:16 1:43
Robbie Russo 0 1 1 1 0 0 0 0 0 1 0/0 8:54 0:00 0:00
Roman Josi 0 0 0 -1 0 2 1 2 1 0 0/0 26:38 6:19 0:50
Scott Timmins 0 0 0 0 0 0 0 0 0 0 2/6 7:18 0:00 0:00
Sergei Plotnikov 2 0 2 1 0 3 1 0 0 0 0/0 13:00 0:00 1:14
Tommy Vannelli 0 0 0 0 0 0 0 0 0 0 0/0 4:47 0:00 0:20
Yannick Weber 1 1 2 1 2 3 5 0 0 1 0/0 18:56 5:45 1:06
3 Stars
1 - Nick Foligno (BIN)
2 - Sergei Plotnikov (MJM)
3 - Patrice Cormier (MJM)
Power Play
Senators - 1 on 2 Attempt(s) - 50.00%
Blackdemons - 1 on 7 Attempt(s) - 14.29%
Penalty Kill
Senators - 6 on 7 Attempt(s) - 85.71%
- Score 0 goal in Penalty Kill
Blackdemons - 1 on 2 Attempt(s) - 50.00%
- Score 0 goal in Penalty Kill
Team Stat
Senators - Hits : 21 - Faceoff Wins : 34 - Blocked Shots : 14 - Penalty Minutes : 14
Blackdemons - Hits : 21 - Faceoff Wins : 39 - Blocked Shots : 6 - Penalty Minutes : 4
Official
Referees : Unknown
Linesman : Unknown
Game Notes
Ben Bishop enters game at 17:49 of 2nd period
Finance
Level 1 -- Attendance: 1625 (81.25%) -- Ticket Income $65,000
Level 2 -- Attendance: 807 (80.70%) -- Ticket Income $16,140
Total Attendance: 2432 (81.07%)
Total Ticket Income: $81,140
Other Income: $4,057
Total Income: $85,197
Senators
5 vs 5 Forward
Center Left Wing Right Wing Time % Phy DF OF
1 Stephane Da Costa Gabriel Bourque Matt Frattin 40 1 2 2
2 Tommy Wingels Nick Foligno Tomas Jurco 30 1 2 2
3 Zemgus Girgensons Andy Andreoff Sebastian Wannstrom 20 1 2 2
4 Chandler Stephenson Phil Di Giuseppe Grant Besse 10 1 2 2
5 vs 5 Defense
Defense Defense Time % Phy DF OF
1 Arturs Kulda Olli Maatta 40 1 2 2
2 Samuel Morin Scott Harrington 30 1 2 2
3 Keegan Lowe Mason Geertsen 20 1 2 2
4 Arturs Kulda Olli Maatta 10 1 2 2
PowerPlay Forward
Center Left Wing Right Wing Time % Phy DF OF
1 Stephane Da Costa Gabriel Bourque Matt Frattin 60 1 2 2
2 Tommy Wingels Nick Foligno Tomas Jurco 40 1 2 2
PowerPlay Defense
Defense Defense Time % Phy DF OF
1 Arturs Kulda Olli Maatta 60 1 2 2
2 Samuel Morin Scott Harrington 40 1 2 2
Penalty Kill 4 Players Forward
Center Wing Time % Phy DF OF
1 Stephane Da Costa Gabriel Bourque 60 1 2 2
2 Nick Foligno Matt Frattin 40 1 2 2
Penalty Kill 4 Players Defense
Defense Defense Time % Phy DF OF
1 Arturs Kulda Olli Maatta 60 1 2 2
2 Samuel Morin Scott Harrington 40 1 2 2
Penalty Kill - 3 Players Forward
Forward Time % Phy DF OF
1 Stephane Da Costa 60 1 2 2
2 Gabriel Bourque 40 1 2 2
Penalty Kill - 3 Players Defense
Defense Defense Time % Phy DF OF
1 Arturs Kulda Olli Maatta 60 1 2 2
2 Samuel Morin Scott Harrington 40 1 2 2
4 vs 4 Forward
Center Wing Time % Phy DF OF
1 Stephane Da Costa Gabriel Bourque 60 1 2 2
2 Nick Foligno Matt Frattin 40 1 2 2
4 vs 4 Defense
Defense Defense Time % Phy DF OF
1 Arturs Kulda Olli Maatta 60 1 2 2
2 Samuel Morin Scott Harrington 40 1 2 2
Last Minutes Offensive
Center Left Wing Right Wing Defense Defense
Stephane Da Costa Gabriel Bourque Matt Frattin Arturs Kulda Olli Maatta
Last Minutes Defensive
Center Left Wing Right Wing Defense Defense
Stephane Da Costa Gabriel Bourque Matt Frattin Arturs Kulda Olli Maatta
Goaltenders
Starting : Brad Thiessen
Backup : Ben Bishop
Extra Forwards
Normal : Brett Bulmer, Blake Coleman, Andy Andreoff - PP : Brett Bulmer, Blake Coleman - PK : Andy Andreoff
Extra Defensemen
Normal : Keegan Lowe, Mason Geertsen, Samuel Morin - PP : Keegan Lowe - PK : Mason Geertsen, Samuel Morin
Penalty Shots
Stephane Da Costa, Gabriel Bourque, Nick Foligno, Matt Frattin, Tommy Wingels
Scratches
Johannes Salmonsson (Healthy), Dylan Blujus (Strained Left Elbow Injury)
Blackdemons
5 vs 5 Forward
Center Left Wing Right Wing Time % Phy DF OF
1 Martin Hanzal Blake Pietila Alexandre Grenier 36 0 1 4
2 Patrice Cormier Sergei Plotnikov Max Friberg 30 0 1 4
3 Kyle Rau Ladislav Nagy Hudson Fasching 24 0 2 3
4 Scott Timmins Mackenzie MacEachern Alexei Morozov 10 0 1 4
5 vs 5 Defense
Defense Defense Time % Phy DF OF
1 Keaton Ellerby Roman Josi 40 0 4 1
2 Jeffrey Foss Yannick Weber 30 0 4 1
3 Brett Kulak Robbie Russo 22 0 5 0
4 Charles-Olivier Roussel Tommy Vannelli 8 0 5 0
PowerPlay Forward
Center Left Wing Right Wing Time % Phy DF OF
1 Patrice Cormier Ladislav Nagy Alexandre Grenier 50 0 0 5
2 Martin Hanzal Blake Pietila Alexei Morozov 50 0 0 5
PowerPlay Defense
Defense Defense Time % Phy DF OF
1 Jeffrey Foss Yannick Weber 50 0 1 4
2 Keaton Ellerby Roman Josi 50 0 1 4
Penalty Kill 4 Players Forward
Center Wing Time % Phy DF OF
1 Patrice Cormier Ladislav Nagy 50 0 5 0
2 Kyle Rau Sergei Plotnikov 50 0 5 0
Penalty Kill 4 Players Defense
Defense Defense Time % Phy DF OF
1 Yannick Weber Jeffrey Foss 50 0 5 0
2 Charles-Olivier Roussel Keaton Ellerby 50 0 5 0
Penalty Kill - 3 Players Forward
Forward Time % Phy DF OF
1 Patrice Cormier 60 0 5 0
2 Martin Hanzal 40 0 5 0
Penalty Kill - 3 Players Defense
Defense Defense Time % Phy DF OF
1 Yannick Weber Roman Josi 60 0 5 0
2 Jeffrey Foss Keaton Ellerby 40 0 5 0
4 vs 4 Forward
Center Wing Time % Phy DF OF
1 Kyle Rau Martin Hanzal 50 1 2 2
2 Ladislav Nagy Patrice Cormier 50 1 2 2
4 vs 4 Defense
Defense Defense Time % Phy DF OF
1 Keaton Ellerby Roman Josi 50 1 2 2
2 Yannick Weber Jeffrey Foss 50 1 2 2
Last Minutes Offensive
Center Left Wing Right Wing Defense Defense
Martin Hanzal Ladislav Nagy Alexandre Grenier Roman Josi Keaton Ellerby
Last Minutes Defensive
Center Left Wing Right Wing Defense Defense
Martin Hanzal Ladislav Nagy Alexandre Grenier Roman Josi Keaton Ellerby
Goaltenders
Starting : Matt Hackett
Backup : Laurent Brossoit
Extra Forwards
Normal : Max Friberg, Scott Timmins, Blake Pietila - PP : Max Friberg, Scott Timmins - PK : Blake Pietila
Extra Defensemen
Normal : Yannick Weber, Roman Josi, Jeffrey Foss - PP : Yannick Weber - PK : Roman Josi, Jeffrey Foss
Penalty Shots
Martin Hanzal, Ladislav Nagy, Sergei Plotnikov, Hudson Fasching, Patrice Cormier
Scratches
Christophe Lalancette (Healthy), Klas Dahlbeck (Healthy), Matt Grzelcyk (Healthy), Remi Elie (Healthy), Jyrki Jokipakka (Healthy)
Zachary Sanford (Bruised Left Foot Injury), Ben Maxwell (Healthy), Nicolas Deschamps (Healthy), Angelo Esposito (Healthy), Jacob Lagacé (Healthy)
James Livingstone (Healthy), Ebbe Siönäs (Healthy), Sami Aittokallio (Healthy), Jeremy Smith (Healthy)
% Time on Ice - Senators
Lines # - Real PCT - Wanted PCT - Time Play
Normal Forward
1 - 30% - 40% - 13:23
2 - 33% - 30% - 14:25
3 - 23% - 20% - 10:22
4 - 14% - 10% - 6:06
Normal Defense
1 - 45% - 40% - 19:57
2 - 31% - 30% - 13:33
3 - 21% - 20% - 9:16
4 - 3% - 10% - 1:30
PP Forward
1 - 63% - 60% - 1:54
2 - 37% - 40% - 1:06
PP Defense
1 - 66% - 60% - 1:58
2 - 34% - 40% - 1:02
PK Forward
1 - 70% - 60% - 8:29
2 - 30% - 40% - 3:35
PK Defense
1 - 64% - 60% - 7:41
2 - 36% - 40% - 4:23
PK3 Forward
1 - 0% - 60%
2 - 0% - 40%
PK3 Defense
1 - 0% - 60%
2 - 0% - 40%
44 Forward
1 - 0% - 60%
2 - 0% - 40%
44 Defense
1 - 0% - 60%
2 - 0% - 40%
Last Minute Offensive - 0:40
Last Minute Defensive - 0:00
Total
Forward - 60:00
Defense - 60:00
|
% Time on Ice - Blackdemons
Lines # - Real PCT - Wanted PCT - Time Play
Normal Forward
1 - 34% - 36% - 15:08
2 - 29% - 30% - 12:55
3 - 24% - 24% - 10:50
4 - 12% - 10% - 5:23
Normal Defense
1 - 41% - 40% - 18:08
2 - 29% - 30% - 13:03
3 - 20% - 22% - 8:54
4 - 9% - 8% - 4:11
PP Forward
1 - 44% - 50% - 5:16
2 - 56% - 50% - 6:48
PP Defense
1 - 48% - 50% - 5:45
2 - 52% - 50% - 6:19
PK Forward
1 - 59% - 50% - 1:46
2 - 41% - 50% - 1:14
PK Defense
1 - 46% - 50% - 1:23
2 - 54% - 50% - 1:37
PK3 Forward
1 - 0% - 60%
2 - 0% - 40%
PK3 Defense
1 - 0% - 60%
2 - 0% - 40%
44 Forward
1 - 0% - 50%
2 - 0% - 50%
44 Defense
1 - 0% - 50%
2 - 0% - 50%
Last Minute Offensive - 0:00
Last Minute Defensive - 0:40
Total
Forward - 60:00
Defense - 60:00
|
Play-by-Play
1st period
0:01 of 1st period - Stephane Da Costa wins face-off versus Martin Hanzal in neutral zone.
0:54 of 1st period - Wrist shot by Chandler Stephenson.
0:54 of 1st period - Stopped by Matt Hackett without a rebound.
0:55 of 1st period - Chandler Stephenson wins face-off versus Kyle Rau in Blackdemons zone.
1:02 of 1st period - Wrist shot by Phil Di Giuseppe.
1:02 of 1st period - Shot Misses the Net.
1:08 of 1st period - Slapshot by Yannick Weber.
1:08 of 1st period - Stopped by Brad Thiessen without a rebound.
1:09 of 1st period - Scott Timmins wins face-off versus Zemgus Girgensons in Senators zone.
1:10 of 1st period - Snap shot by Alexei Morozov.
1:10 of 1st period - Stopped by Brad Thiessen without a rebound.
1:11 of 1st period - Zemgus Girgensons wins face-off versus Scott Timmins in Senators zone.
1:45 of 1st period - Yannick Weber is hit by Matt Frattin.
1:51 of 1st period - Samuel Morin is hit by Jeffrey Foss and loses puck.
2:09 of 1st period - Icing by Blake Pietila.
2:10 of 1st period - Martin Hanzal wins face-off versus Stephane Da Costa in Blackdemons zone.
2:33 of 1st period - Wrist shot by Alexandre Grenier.
2:33 of 1st period - Shot Misses the Net.
2:39 of 1st period - Wrist shot by Blake Pietila.
2:39 of 1st period - Stopped by Brad Thiessen without a rebound.
2:40 of 1st period - Patrice Cormier wins face-off versus Tommy Wingels in Senators zone.
2:43 of 1st period - Snap shot by Patrice Cormier.
2:43 of 1st period - Stopped by Brad Thiessen with a rebound.
2:45 of 1st period - Minor Penalty to Keegan Lowe for Hooking.
2:46 of 1st period - Stephane Da Costa wins face-off versus Patrice Cormier in Senators zone.
2:57 of 1st period - Snap shot by Yannick Weber.
2:57 of 1st period - Deflect By Ladislav Nagy.
2:57 of 1st period - Stopped by Brad Thiessen with a rebound.
2:59 of 1st period - Slapshot by Jeffrey Foss.
2:59 of 1st period - Shot Blocked by Gabriel Bourque.
3:11 of 1st period - Gabriel Bourque is hit by Yannick Weber and loses puck.
4:45 of 1st period - Penalty to Keegan Lowe is over, Keegan Lowe is back on ice.
4:56 of 1st period - Slapshot by Sebastian Wannstrom.
4:56 of 1st period - Shot Misses the Net.
4:58 of 1st period - Slapshot by Zemgus Girgensons.
4:58 of 1st period - Stopped by Matt Hackett without a rebound.
4:59 of 1st period - Kyle Rau wins face-off versus Zemgus Girgensons in Blackdemons zone.
4:59 of 1st period - Kyle Rau is hit by Sebastian Wannstrom.
5:28 of 1st period - Minor Penalty to Andy Andreoff for Tripping.
5:29 of 1st period - Stephane Da Costa wins face-off versus Martin Hanzal in Senators zone.
5:40 of 1st period - Stephane Da Costa is hit by Blake Pietila and loses puck.
5:46 of 1st period - Off-side.
5:47 of 1st period - Stephane Da Costa wins face-off versus Patrice Cormier in neutral zone.
5:58 of 1st period - Patrice Cormier is hit by Arturs Kulda and loses puck.
7:01 of 1st period - Nick Foligno is hit by Yannick Weber and loses puck.
7:28 of 1st period - Penalty to Andy Andreoff is over, Andy Andreoff is back on ice.
7:52 of 1st period - Tommy Wingels is hit by Ladislav Nagy and loses puck.
7:59 of 1st period - Brett Kulak is hit by Tomas Jurco and loses puck.
8:46 of 1st period - Snap shot by Ladislav Nagy.
8:46 of 1st period - Stopped by Brad Thiessen without a rebound.
8:47 of 1st period - Stephane Da Costa wins face-off versus Patrice Cormier in Senators zone.
8:58 of 1st period - Snap shot by Patrice Cormier.
8:58 of 1st period - Shot Misses the Net.
9:00 of 1st period - Slapshot by Patrice Cormier.
9:00 of 1st period - Goal by Patrice Cormier - Senators : 0 - Blackdemons : 1.
9:01 of 1st period - Stephane Da Costa wins face-off versus Blake Pietila in neutral zone.
9:16 of 1st period - Snap shot by Matt Frattin.
9:16 of 1st period - Shot Misses the Net.
9:33 of 1st period - Wrist shot by Nick Foligno.
9:33 of 1st period - Goal by Nick Foligno - Senators : 1 - Blackdemons : 1.
9:34 of 1st period - Stephane Da Costa wins face-off versus Martin Hanzal in neutral zone.
9:37 of 1st period - Snap shot by Gabriel Bourque.
9:37 of 1st period - Shot Blocked by Keaton Ellerby.
9:52 of 1st period - Icing by Alexandre Grenier.
9:53 of 1st period - Alexandre Grenier wins face-off versus Tommy Wingels in Blackdemons zone.
9:53 of 1st period - Alexandre Grenier is hit by Nick Foligno.
10:15 of 1st period - Tomas Jurco is hit by Alexandre Grenier and loses puck.
10:54 of 1st period - Snap shot by Martin Hanzal.
10:54 of 1st period - Stopped by Brad Thiessen without a rebound.
10:55 of 1st period - Stephane Da Costa wins face-off versus Patrice Cormier in Senators zone.
11:35 of 1st period - Yannick Weber is hit by Andy Andreoff and loses puck.
12:54 of 1st period - Snap shot by Zemgus Girgensons.
12:54 of 1st period - Shot Misses the Net.
13:12 of 1st period - Snap shot by Nick Foligno.
13:12 of 1st period - Stopped by Matt Hackett without a rebound.
13:13 of 1st period - Patrice Cormier wins face-off versus Stephane Da Costa in Blackdemons zone.
13:44 of 1st period - Olli Maatta is hit by Martin Hanzal and loses puck.
14:55 of 1st period - Snap shot by Max Friberg.
14:55 of 1st period - Shot Misses the Net.
15:11 of 1st period - Wrist shot by Nick Foligno.
15:11 of 1st period - Shot Misses the Net.
15:13 of 1st period - Slapshot by Keegan Lowe.
15:13 of 1st period - Shot Misses the Net.
15:27 of 1st period - Scott Timmins is hit by Sebastian Wannstrom and loses puck.
15:49 of 1st period - Icing by Brett Kulak.
15:50 of 1st period - Kyle Rau wins face-off versus Chandler Stephenson in Blackdemons zone.
15:59 of 1st period - Grant Besse is hit by Kyle Rau.
17:34 of 1st period - Wrist shot by Ladislav Nagy.
17:34 of 1st period - Shot Misses the Net.
17:48 of 1st period - Snap shot by Martin Hanzal.
17:48 of 1st period - Shot Blocked by Keegan Lowe.
17:50 of 1st period - Wrist shot by Alexandre Grenier.
17:50 of 1st period - Shot Misses the Net.
17:52 of 1st period - Wrist shot by Blake Pietila.
17:52 of 1st period - Deflect By Martin Hanzal.
17:52 of 1st period - Shot Misses the Net.
17:52 of 1st period - Puck is out of play.
17:53 of 1st period - Martin Hanzal wins face-off versus Tommy Wingels in Senators zone.
18:06 of 1st period - Wrist shot by Nick Foligno.
18:06 of 1st period - Goal by Nick Foligno - Senators : 2 - Blackdemons : 1.
18:07 of 1st period - Stephane Da Costa wins face-off versus Patrice Cormier in neutral zone.
18:12 of 1st period - Snap shot by Stephane Da Costa.
18:12 of 1st period - Stopped by Matt Hackett with a rebound.
19:14 of 1st period - Slapshot by Sergei Plotnikov.
19:14 of 1st period - Goal by Sergei Plotnikov - Senators : 2 - Blackdemons : 2.
19:15 of 1st period - Stephane Da Costa wins face-off versus Martin Hanzal in neutral zone.
19:50 of 1st period - Snap shot by Tommy Wingels.
19:50 of 1st period - Stopped by Matt Hackett without a rebound.
19:51 of 1st period - Martin Hanzal wins face-off versus Stephane Da Costa in Blackdemons zone.
Goals for this period are 2 for Senators vs 2 for Blackdemons.
Shots for this period are 7 for Senators vs 9 for Blackdemons.
2nd period
0:01 of 2nd period - Patrice Cormier wins face-off versus Stephane Da Costa in neutral zone.
0:04 of 2nd period - Snap shot by Keaton Ellerby.
0:04 of 2nd period - Stopped by Brad Thiessen with a rebound.
0:16 of 2nd period - Snap shot by Gabriel Bourque.
0:16 of 2nd period - Shot Misses the Net.
0:49 of 2nd period - Jeffrey Foss is hit by Andy Andreoff and loses puck.
1:09 of 2nd period - Off-side.
1:10 of 2nd period - Chandler Stephenson wins face-off versus Scott Timmins in neutral zone.
1:23 of 2nd period - Snap shot by Phil Di Giuseppe.
1:23 of 2nd period - Shot Misses the Net.
1:36 of 2nd period - Minor Penalty to Scott Harrington for High sticking.
1:37 of 2nd period - Patrice Cormier wins face-off versus Stephane Da Costa in Senators zone.
2:19 of 2nd period - Samuel Morin is hit by Patrice Cormier and loses puck.
2:24 of 2nd period - Snap shot by Ladislav Nagy.
2:24 of 2nd period - Stopped by Brad Thiessen without a rebound.
2:25 of 2nd period - Stephane Da Costa wins face-off versus Martin Hanzal in Senators zone.
3:20 of 2nd period - Olli Maatta is hit by Yannick Weber and loses puck.
3:36 of 2nd period - Penalty to Scott Harrington is over, Scott Harrington is back on ice.
3:48 of 2nd period - Nick Foligno is hit by Hudson Fasching and loses puck.
3:59 of 2nd period - Brett Kulak is hit by Matt Frattin.
4:41 of 2nd period - Off-side.
4:42 of 2nd period - Kyle Rau wins face-off versus Zemgus Girgensons in neutral zone.
4:46 of 2nd period - Keaton Ellerby is hit by Zemgus Girgensons and loses puck.
5:11 of 2nd period - Slapshot by Arturs Kulda.
5:11 of 2nd period - Shot Misses the Net.
5:13 of 2nd period - Slapshot by Olli Maatta.
5:13 of 2nd period - Stopped by Matt Hackett with a rebound.
5:15 of 2nd period - Slapshot by Olli Maatta.
5:15 of 2nd period - Deflect By Sergei Plotnikov.
5:15 of 2nd period - Stopped by Matt Hackett with a rebound.
5:24 of 2nd period - Icing by Roman Josi.
5:25 of 2nd period - Stephane Da Costa wins face-off versus Scott Timmins in Blackdemons zone.
5:55 of 2nd period - Snap shot by Nick Foligno.
5:55 of 2nd period - Shot Misses the Net.
6:09 of 2nd period - Snap shot by Phil Di Giuseppe.
6:09 of 2nd period - Goal by Phil Di Giuseppe - Senators : 3 - Blackdemons : 2.
6:10 of 2nd period - Martin Hanzal wins face-off versus Stephane Da Costa in neutral zone.
6:29 of 2nd period - Matt Frattin is hit by Jeffrey Foss and loses puck.
7:09 of 2nd period - Slapshot by Kyle Rau.
7:09 of 2nd period - Goal by Kyle Rau - Senators : 3 - Blackdemons : 3.
7:10 of 2nd period - Martin Hanzal wins face-off versus Stephane Da Costa in neutral zone.
7:41 of 2nd period - Roman Josi is hit by Nick Foligno and loses puck.
9:00 of 2nd period - Wrist shot by Patrice Cormier.
9:00 of 2nd period - Stopped by Brad Thiessen with a rebound.
9:02 of 2nd period - Snap shot by Sergei Plotnikov.
9:02 of 2nd period - Shot Blocked by Nick Foligno.
9:04 of 2nd period - Wrist shot by Max Friberg.
9:04 of 2nd period - Stopped by Brad Thiessen without a rebound.
9:05 of 2nd period - Patrice Cormier wins face-off versus Stephane Da Costa in Senators zone.
9:16 of 2nd period - Snap shot by Gabriel Bourque.
9:16 of 2nd period - Stopped by Matt Hackett without a rebound.
9:17 of 2nd period - Martin Hanzal wins face-off versus Stephane Da Costa in Blackdemons zone.
9:43 of 2nd period - Roman Josi is hit by Sebastian Wannstrom and loses puck.
9:55 of 2nd period - Wrist shot by Zemgus Girgensons.
9:55 of 2nd period - Stopped by Matt Hackett with a rebound.
10:01 of 2nd period - Minor Penalty to Keaton Ellerby for Interference.
10:02 of 2nd period - Patrice Cormier wins face-off versus Stephane Da Costa in Blackdemons zone.
10:37 of 2nd period - Yannick Weber is hit by Tomas Jurco.
10:47 of 2nd period - Samuel Morin is hit by Yannick Weber and loses puck.
11:20 of 2nd period - Olli Maatta is hit by Sergei Plotnikov and loses puck.
12:01 of 2nd period - Penalty to Keaton Ellerby is over, Keaton Ellerby is back on ice.
12:16 of 2nd period - Snap shot by Alexei Morozov.
12:16 of 2nd period - Deflect By Andy Andreoff.
12:16 of 2nd period - Stopped by Brad Thiessen without a rebound.
12:17 of 2nd period - Zemgus Girgensons wins face-off versus Scott Timmins in Senators zone.
12:42 of 2nd period - Grant Besse is hit by Keaton Ellerby.
12:48 of 2nd period - Snap shot by Martin Hanzal.
12:48 of 2nd period - Shot Blocked by Arturs Kulda.
13:04 of 2nd period - Wrist shot by Ladislav Nagy.
13:04 of 2nd period - Shot Blocked by Gabriel Bourque.
13:06 of 2nd period - Snap shot by Kyle Rau.
13:06 of 2nd period - Shot Blocked by Mason Geertsen.
13:08 of 2nd period - Wrist shot by Hudson Fasching.
13:08 of 2nd period - Stopped by Brad Thiessen without a rebound.
13:09 of 2nd period - Kyle Rau wins face-off versus Tommy Wingels in Senators zone.
13:10 of 2nd period - Wrist shot by Ladislav Nagy.
13:10 of 2nd period - Shot Misses the Net.
13:12 of 2nd period - Snap shot by Hudson Fasching.
13:12 of 2nd period - Stopped by Brad Thiessen with a rebound.
13:14 of 2nd period - Snap shot by Yannick Weber.
13:14 of 2nd period - Shot Misses the Net.
13:16 of 2nd period - Slapshot by Yannick Weber.
13:16 of 2nd period - Stopped by Brad Thiessen with a rebound.
13:18 of 2nd period - Slapshot by Kyle Rau.
13:18 of 2nd period - Shot Misses the Net.
13:20 of 2nd period - Slapshot by Ladislav Nagy.
13:20 of 2nd period - Goal by Ladislav Nagy - Senators : 3 - Blackdemons : 4.
13:21 of 2nd period - Stephane Da Costa wins face-off versus Martin Hanzal in neutral zone.
13:24 of 2nd period - Wrist shot by Stephane Da Costa.
13:24 of 2nd period - Shot Misses the Net.
14:09 of 2nd period - Kyle Rau is hit by Andy Andreoff and loses puck.
14:52 of 2nd period - Wrist shot by Martin Hanzal.
14:52 of 2nd period - Stopped by Brad Thiessen without a rebound.
14:53 of 2nd period - Martin Hanzal wins face-off versus Tommy Wingels in Senators zone.
14:58 of 2nd period - Wrist shot by Martin Hanzal.
14:58 of 2nd period - Stopped by Brad Thiessen with a rebound.
15:18 of 2nd period - Tommy Wingels is hit by Martin Hanzal and loses puck.
15:27 of 2nd period - Wrist shot by Tommy Wingels.
15:27 of 2nd period - Shot Misses the Net.
15:29 of 2nd period - Snap shot by Olli Maatta.
15:29 of 2nd period - Stopped by Matt Hackett with a rebound.
16:22 of 2nd period - Slapshot by Tomas Jurco.
16:22 of 2nd period - Shot Misses the Net.
16:28 of 2nd period - Wrist shot by Tommy Wingels.
16:28 of 2nd period - Stopped by Matt Hackett with a rebound.
17:27 of 2nd period - Off-side.
17:28 of 2nd period - Matt Frattin wins face-off versus Patrice Cormier in neutral zone.
17:39 of 2nd period - Wrist shot by Sergei Plotnikov.
17:39 of 2nd period - Stopped by Brad Thiessen without a rebound.
17:40 of 2nd period - Patrice Cormier wins face-off versus Stephane Da Costa in Senators zone.
17:49 of 2nd period - Slapshot by Sergei Plotnikov.
17:49 of 2nd period - Goal by Sergei Plotnikov - Senators : 3 - Blackdemons : 5.
17:49 of 2nd period - Ben Bishop enters game.
17:50 of 2nd period - Stephane Da Costa wins face-off versus Patrice Cormier in neutral zone.
18:43 of 2nd period - Snap shot by Sergei Plotnikov.
18:43 of 2nd period - Shot Blocked by Keegan Lowe.
Goals for this period are 1 for Senators vs 3 for Blackdemons.
Shots for this period are 7 for Senators vs 14 for Blackdemons.
3rd period
0:01 of 3rd period - Stephane Da Costa wins face-off versus Patrice Cormier in neutral zone.
0:26 of 3rd period - Tomas Jurco is hit by Roman Josi and loses puck.
0:37 of 3rd period - Slapshot by Roman Josi.
0:37 of 3rd period - Deflect By Ladislav Nagy.
0:37 of 3rd period - Shot Blocked by Samuel Morin.
0:37 of 3rd period - Puck is out of play.
0:38 of 3rd period - Zemgus Girgensons wins face-off versus Patrice Cormier in Senators zone.
0:44 of 3rd period - Icing by Robbie Russo.
0:45 of 3rd period - Patrice Cormier wins face-off versus Zemgus Girgensons in Blackdemons zone.
1:10 of 3rd period - Slapshot by Ladislav Nagy.
1:10 of 3rd period - Shot Misses the Net.
1:12 of 3rd period - Slapshot by Brett Kulak.
1:12 of 3rd period - Shot Blocked by Olli Maatta.
1:14 of 3rd period - Slapshot by Brett Kulak.
1:14 of 3rd period - Stopped by Ben Bishop with a rebound.
1:16 of 3rd period - Wrist shot by Ladislav Nagy.
1:16 of 3rd period - Deflect By Andy Andreoff.
1:16 of 3rd period - Shot Misses the Net.
1:16 of 3rd period - Puck is out of play.
1:17 of 3rd period - Kyle Rau wins face-off versus Stephane Da Costa in Senators zone.
1:25 of 3rd period - Minor Penalty to Scott Harrington for Diving.
1:26 of 3rd period - Stephane Da Costa wins face-off versus Martin Hanzal in Senators zone.
1:26 of 3rd period - Stephane Da Costa is hit by Keaton Ellerby.
2:13 of 3rd period - Icing by Yannick Weber.
2:14 of 3rd period - Stephane Da Costa wins face-off versus Martin Hanzal in Blackdemons zone.
2:25 of 3rd period - Backhand shot by Ladislav Nagy.
2:25 of 3rd period - Shot Misses the Net.
2:27 of 3rd period - Slapshot by Jeffrey Foss.
2:27 of 3rd period - Deflect By Gabriel Bourque.
2:27 of 3rd period - Stopped by Ben Bishop without a rebound.
2:28 of 3rd period - Patrice Cormier wins face-off versus Stephane Da Costa in Senators zone.
2:35 of 3rd period - Wrist shot by Patrice Cormier.
2:35 of 3rd period - Stopped by Ben Bishop with a rebound.
2:41 of 3rd period - Snap shot by Alexandre Grenier.
2:41 of 3rd period - Stopped by Ben Bishop with a rebound.
2:43 of 3rd period - Wrist shot by Roman Josi.
2:43 of 3rd period - Shot Misses the Net.
2:45 of 3rd period - Snap shot by Alexandre Grenier.
2:45 of 3rd period - Stopped by Ben Bishop without a rebound.
2:46 of 3rd period - Martin Hanzal wins face-off versus Stephane Da Costa in Senators zone.
3:11 of 3rd period - Stephane Da Costa is hit by Yannick Weber and loses puck.
3:25 of 3rd period - Penalty to Scott Harrington is over, Scott Harrington is back on ice.
3:47 of 3rd period - Wrist shot by Sebastian Wannstrom.
3:47 of 3rd period - Shot Blocked by Keaton Ellerby.
3:51 of 3rd period - Snap shot by Andy Andreoff.
3:51 of 3rd period - Stopped by Matt Hackett without a rebound.
3:52 of 3rd period - Kyle Rau wins face-off versus Tommy Wingels in Blackdemons zone.
4:01 of 3rd period - Snap shot by Kyle Rau.
4:01 of 3rd period - Stopped by Ben Bishop without a rebound.
4:02 of 3rd period - Kyle Rau wins face-off versus Tommy Wingels in Senators zone.
4:03 of 3rd period - Backhand shot by Ladislav Nagy.
4:03 of 3rd period - Shot Misses the Net.
4:11 of 3rd period - Slapshot by Nick Foligno.
4:11 of 3rd period - Shot Hit the Post.
4:21 of 3rd period - Slapshot by Jeffrey Foss.
4:21 of 3rd period - Stopped by Ben Bishop with a rebound.
4:23 of 3rd period - Slapshot by Kyle Rau.
4:23 of 3rd period - Shot Blocked by Samuel Morin.
4:25 of 3rd period - Wrist shot by Kyle Rau.
4:25 of 3rd period - Deflect By Ladislav Nagy.
4:25 of 3rd period - Stopped by Ben Bishop with a rebound.
4:27 of 3rd period - Slapshot by Jeffrey Foss.
4:27 of 3rd period - Stopped by Ben Bishop with a rebound.
4:29 of 3rd period - Slapshot by Yannick Weber.
4:29 of 3rd period - Shot Blocked by Scott Harrington.
4:31 of 3rd period - Slapshot by Kyle Rau.
4:31 of 3rd period - Shot Blocked by Tomas Jurco.
4:33 of 3rd period - Slapshot by Jeffrey Foss.
4:33 of 3rd period - Shot Misses the Net.
4:35 of 3rd period - Wrist shot by Kyle Rau.
4:35 of 3rd period - Shot Misses the Net.
4:37 of 3rd period - Slapshot by Jeffrey Foss.
4:37 of 3rd period - Deflect By Ladislav Nagy.
4:37 of 3rd period - Stopped by Ben Bishop with a rebound.
4:39 of 3rd period - Backhand shot by Kyle Rau.
4:39 of 3rd period - Deflect By Ladislav Nagy.
4:39 of 3rd period - Shot Misses the Net.
4:39 of 3rd period - Puck is out of play.
4:40 of 3rd period - Martin Hanzal wins face-off versus Stephane Da Costa in Senators zone.
5:15 of 3rd period - Minor Penalty to Sebastian Wannstrom for Hooking.
5:16 of 3rd period - Martin Hanzal wins face-off versus Stephane Da Costa in Senators zone.
5:16 of 3rd period - Snap shot by Alexei Morozov.
5:16 of 3rd period - Shot Blocked by Arturs Kulda.
5:18 of 3rd period - Slapshot by Blake Pietila.
5:18 of 3rd period - Stopped by Ben Bishop with a rebound.
5:20 of 3rd period - Snap shot by Martin Hanzal.
5:20 of 3rd period - Stopped by Ben Bishop without a rebound.
5:21 of 3rd period - Stephane Da Costa wins face-off versus Martin Hanzal in Senators zone.
5:32 of 3rd period - Stephane Da Costa is hit by Jeffrey Foss and loses puck.
5:55 of 3rd period - Wrist shot by Alexandre Grenier.
5:55 of 3rd period - Stopped by Ben Bishop with a rebound.
6:24 of 3rd period - Roman Josi is hit by Matt Frattin and loses puck.
7:15 of 3rd period - Penalty to Sebastian Wannstrom is over, Sebastian Wannstrom is back on ice.
8:17 of 3rd period - Max Friberg is hit by Phil Di Giuseppe and loses puck.
8:32 of 3rd period - Wrist shot by Zemgus Girgensons.
8:32 of 3rd period - Shot Blocked by Roman Josi.
8:52 of 3rd period - Keaton Ellerby is hit by Tommy Wingels and loses puck.
9:18 of 3rd period - Icing by Mason Geertsen.
9:19 of 3rd period - Zemgus Girgensons wins face-off versus Blake Pietila in Senators zone.
9:28 of 3rd period - Wrist shot by Sebastian Wannstrom.
9:28 of 3rd period - Stopped by Matt Hackett with a rebound.
9:57 of 3rd period - Minor Penalty to Yannick Weber for Holding.
9:58 of 3rd period - Stephane Da Costa wins face-off versus Ladislav Nagy in Blackdemons zone.
10:00 of 3rd period - Slapshot by Stephane Da Costa.
10:00 of 3rd period - Shot Misses the Net.
10:02 of 3rd period - Slapshot by Olli Maatta.
10:02 of 3rd period - Shot Misses the Net.
10:04 of 3rd period - Wrist shot by Arturs Kulda.
10:04 of 3rd period - Stopped by Matt Hackett with a rebound.
10:06 of 3rd period - Slapshot by Olli Maatta.
10:06 of 3rd period - Deflect By Gabriel Bourque.
10:06 of 3rd period - Stopped by Matt Hackett without a rebound.
10:07 of 3rd period - Stephane Da Costa wins face-off versus Patrice Cormier in Blackdemons zone.
10:10 of 3rd period - Wrist shot by Stephane Da Costa.
10:10 of 3rd period - Deflect By Ladislav Nagy.
10:10 of 3rd period - Shot Misses the Net.
10:10 of 3rd period - Puck is out of play.
10:11 of 3rd period - Kyle Rau wins face-off versus Stephane Da Costa in Blackdemons zone.
10:19 of 3rd period - Off-side.
10:20 of 3rd period - Stephane Da Costa wins face-off versus Patrice Cormier in neutral zone.
10:23 of 3rd period - Snap shot by Stephane Da Costa.
10:23 of 3rd period - Shot Blocked by Jeffrey Foss.
10:25 of 3rd period - Backhand shot by Matt Frattin.
10:25 of 3rd period - Shot Blocked by Roman Josi.
10:27 of 3rd period - Snap shot by Stephane Da Costa.
10:27 of 3rd period - Deflect By Matt Frattin.
10:27 of 3rd period - Shot Misses the Net.
10:27 of 3rd period - Puck is out of play.
10:28 of 3rd period - Kyle Rau wins face-off versus Stephane Da Costa in Blackdemons zone.
10:28 of 3rd period - Kyle Rau is hit by Stephane Da Costa.
10:58 of 3rd period - Snap shot by Tommy Wingels.
10:58 of 3rd period - Goal by Tommy Wingels - Senators : 4 - Blackdemons : 5.
10:59 of 3rd period - Stephane Da Costa wins face-off versus Martin Hanzal in neutral zone.
11:01 of 3rd period - Off-side.
11:02 of 3rd period - Martin Hanzal wins face-off versus Stephane Da Costa in neutral zone.
11:29 of 3rd period - Wrist shot by Patrice Cormier.
11:29 of 3rd period - Shot Misses the Net.
11:45 of 3rd period - Minor Penalty to Arturs Kulda for Delaying the game.
11:46 of 3rd period - Stephane Da Costa wins face-off versus Martin Hanzal in Senators zone.
11:55 of 3rd period - Slapshot by Yannick Weber.
11:55 of 3rd period - Goal by Yannick Weber - Senators : 4 - Blackdemons : 6.
11:56 of 3rd period - Alexandre Grenier wins face-off versus Stephane Da Costa in neutral zone.
11:59 of 3rd period - Wrist shot by Alexandre Grenier.
11:59 of 3rd period - Shot Misses the Net.
12:01 of 3rd period - Slapshot by Roman Josi.
12:01 of 3rd period - Stopped by Ben Bishop with a rebound.
12:03 of 3rd period - Slapshot by Roman Josi.
12:03 of 3rd period - Deflect By Matt Frattin.
12:03 of 3rd period - Stopped by Ben Bishop with a rebound.
12:05 of 3rd period - Slapshot by Roman Josi.
12:05 of 3rd period - Deflect By Alexandre Grenier.
12:05 of 3rd period - Stopped by Ben Bishop with a rebound.
12:07 of 3rd period - Snap shot by Roman Josi.
12:07 of 3rd period - Shot Misses the Net.
12:47 of 3rd period - Snap shot by Tomas Jurco.
12:47 of 3rd period - Stopped by Matt Hackett without a rebound.
12:48 of 3rd period - Patrice Cormier wins face-off versus Tommy Wingels in Blackdemons zone.
13:01 of 3rd period - Slapshot by Tommy Wingels.
13:01 of 3rd period - Stopped by Matt Hackett without a rebound.
13:02 of 3rd period - Zemgus Girgensons wins face-off versus Martin Hanzal in Blackdemons zone.
13:03 of 3rd period - Snap shot by Sebastian Wannstrom.
13:03 of 3rd period - Stopped by Matt Hackett without a rebound.
13:04 of 3rd period - Martin Hanzal wins face-off versus Zemgus Girgensons in Blackdemons zone.
13:04 of 3rd period - Martin Hanzal is hit by Sebastian Wannstrom.
13:34 of 3rd period - Wrist shot by Stephane Da Costa.
13:34 of 3rd period - Stopped by Matt Hackett without a rebound.
13:35 of 3rd period - Stephane Da Costa wins face-off versus Patrice Cormier in Blackdemons zone.
13:36 of 3rd period - Slapshot by Gabriel Bourque.
13:36 of 3rd period - Goal by Gabriel Bourque - Senators : 5 - Blackdemons : 6.
13:37 of 3rd period - Stephane Da Costa wins face-off versus Martin Hanzal in neutral zone.
13:40 of 3rd period - Wrist shot by Matt Frattin.
13:40 of 3rd period - Stopped by Matt Hackett with a rebound.
13:58 of 3rd period - Minor Penalty to Olli Maatta for Roughing.
13:59 of 3rd period - Martin Hanzal wins face-off versus Stephane Da Costa in Senators zone.
14:08 of 3rd period - Snap shot by Martin Hanzal.
14:08 of 3rd period - Stopped by Ben Bishop without a rebound.
14:09 of 3rd period - Martin Hanzal wins face-off versus Stephane Da Costa in Senators zone.
14:30 of 3rd period - Snap shot by Alexei Morozov.
14:30 of 3rd period - Stopped by Ben Bishop with a rebound.
14:53 of 3rd period - Roman Josi is hit by Matt Frattin and loses puck.
15:10 of 3rd period - Scott Harrington is hit by Martin Hanzal and loses puck.
15:47 of 3rd period - Snap shot by Alexei Morozov.
15:47 of 3rd period - Stopped by Ben Bishop without a rebound.
15:48 of 3rd period - Andy Andreoff wins face-off versus Patrice Cormier in Senators zone.
15:58 of 3rd period - Penalty to Olli Maatta is over, Olli Maatta is back on ice.
17:38 of 3rd period - Icing by Scott Harrington.
17:39 of 3rd period - Scott Timmins wins face-off versus Stephane Da Costa in Senators zone.
18:08 of 3rd period - Wrist shot by Zemgus Girgensons.
18:08 of 3rd period - Stopped by Matt Hackett with a rebound.
18:20 of 3rd period - Alexandre Grenier is hit by Nick Foligno and loses puck.
18:49 of 3rd period - Snap shot by Martin Hanzal.
18:49 of 3rd period - Shot Misses the Net.
18:51 of 3rd period - Wrist shot by Blake Pietila.
18:51 of 3rd period - Shot Blocked by Olli Maatta.
19:05 of 3rd period - Snap shot by Alexandre Grenier.
19:05 of 3rd period - Shot Misses the Net.
19:13 of 3rd period - Senators, Ben Bishop is pulled from the net.
19:15 of 3rd period - Snap shot by Tommy Wingels.
19:15 of 3rd period - Stopped by Matt Hackett with a rebound.
19:17 of 3rd period - Slapshot by Tommy Wingels.
19:17 of 3rd period - Shot Blocked by Martin Hanzal.
19:19 of 3rd period - Backhand shot by Arturs Kulda.
19:19 of 3rd period - Stopped by Matt Hackett without a rebound.
19:20 of 3rd period - Patrick Roy call a timeout for Senators.
19:20 of 3rd period - Max Friberg wins face-off versus Matt Frattin in Blackdemons zone.
19:41 of 3rd period - Snap shot by Gabriel Bourque.
19:41 of 3rd period - Stopped by Matt Hackett without a rebound.
19:42 of 3rd period - Max Friberg wins face-off versus Stephane Da Costa in Blackdemons zone.
19:57 of 3rd period - Wrist shot by Gabriel Bourque.
19:57 of 3rd period - Stopped by Matt Hackett with a rebound.
Goals for this period are 2 for Senators vs 1 for Blackdemons.
Shots for this period are 16 for Senators vs 20 for Blackdemons.
Back to the Top